 Dungeon Crawl Stone Soup version 0.21.1-1-g345015f (webtiles) character file.

133400 rgaf the Warrior (level 17, -7/118 HPs)
             Began as a Kobold Berserker on June 20, 2018.
             Was the Champion of Trog.
             Mangled by Prakerore's ghost (21 damage)
             ... on level 1 of the Snake Pit.
             The game lasted 00:58:59 (42238 turns).

rgaf the Warrior (Kobold Berserker)                Turns: 42238, Time: 00:59:00

Health: -7/118     AC: 32    Str: 20    XL:     17   Next: 72%
Magic:  23/23      EV: 12    Int:  8    God:    Trog [******]
Gold:   977        SH:  0    Dex: 16    Spells: 16/16 levels left

rFire    . . .     SeeInvis .   a - +4 scimitar (flame)
rCold    . . .     Gourm    .   (shield restricted)
rNeg     . . .     Faith    .   I - +4 chain mail of Veachud {rElec}
rPois    +         Spirit   .   r - +1 helmet
rElec    +         Reflect  .   G - +1 cloak
rCorr    .         Harm     .   B - +1 pair of gloves
MR       +....                  (no boots)
Stlth    ..........             (no amulet)
HPRegen  0.29/turn              T - ring of poison resistance
MPRegen  0.18/turn              t - ring of Robustness {AC+8}

@: lethally poisoned (-7 -> -8)
A: small, carnivore
a: Berserk, Trog's Hand, Brothers in Arms, Burn Spellbooks, Renounce Religion


You were on level 1 of the Snake Pit.
You worshipped Trog.
Trog was exalted by your worship.
You were very full.

You visited 5 branches of the dungeon, and saw 28 of its levels.
You also visited: Bailey and Ice Cave.

You collected 2928 gold pieces.
You spent 1951 gold pieces at shops.

Inventory:

Hand Weapons
 a - a +4 scimitar of flaming (weapon)
 b - a +5 arbalest of freezing
 h - a +4 arbalest of freezing
 v - a +2 dagger of electrocution
 C - a +4 quick blade
 D - the +7 sceptre of Torment
   (You found it on level 15 of the Dungeon)
Missiles
 u - 241 bolts
Armour
 j - a +2 hat of intelligence
 r - a +1 helmet (worn)
 B - a +1 pair of gloves (worn)
 G - a +1 cloak (worn)
 I - the +4 chain mail of Veachud (worn) {rElec}
   (You found it on level 7 of the Dungeon)

   It insulates you from electricity.
Jewellery
 t - the ring of Robustness (right hand) {AC+8}
   (You bought it in a shop on level 2 of the Orcish Mines)

   [ring of protection]

   It affects your AC (+8).
 w - an uncursed ring of protection from fire
 y - the ring of Citova {*Tele rF+ MR+ Str-2}
   (You took it off a kobold demonologist on level 12 of the Dungeon)

   [ring of teleportation]

   It may teleport you next to monsters.
   It affects your strength (-2).
   It protects you from fire.
   It affects your resistance to hostile enchantments.
 z - the ring of the Invisible Hand {Wiz rF+ Int+2 Dex+4}
   (You took it off an efreet on level 12 of the Dungeon)

   [ring of wizardry]

   It improves your spell success rate.
   It affects your intelligence (+2).
   It affects your dexterity (+4).
   It protects you from fire.
 T - a ring of poison resistance (left hand)
 U - a +3 ring of evasion
Wands
 q - a wand of enslavement (14)
 O - a wand of scattershot (2)
 Q - a wand of flame (157)
 V - a wand of polymorph (23)
 X - a wand of paralysis (3)
 Z - a wand of digging (10)
Scrolls
 d - 4 scrolls of magic mapping
 e - 13 scrolls of remove curse
 i - 3 scrolls of fog
 p - 4 scrolls of enchant weapon
 s - 10 scrolls of teleportation
 F - 6 scrolls of enchant armour
 J - 4 scrolls of identify
 P - a scroll of torment
 R - 2 scrolls of vulnerability
 W - a scroll of summoning
 Y - a scroll of silence
Potions
 g - 6 potions of lignification
 l - 2 potions of haste
 m - a potion of ambrosia {unknown}
 n - 6 potions of curing
 o - 2 potions of invisibility
 x - 3 potions of might
 A - 3 potions of berserk rage
 E - 4 potions of brilliance
 H - 2 potions of resistance
 K - 7 potions of agility
 L - 4 potions of degeneration {unknown}
 M - 4 potions of flight
 N - 2 potions of magic {unknown}
 S - 2 potions of mutation
Comestibles
 c - 39 rations


   Skills:
 + Level 17.4 Fighting
 - Level 6.1(12.8) Short Blades
 - Level 11.7(12.0) Long Blades
 * Level 13.7 Crossbows
 + Level 13.8 Armour
 - Level 2.4 Dodging
 - Level 8.0 Evocations


You had 16 spell levels left.
You didn't know any spells.

Dungeon Overview and Level Annotations

Branches:
Dungeon (15/15)            Temple (0/1) D:5            Lair (6/6) D:8
 Shoals (4/4) Lair:4        Snake (1/4) Lair:4        Slime (0/5) Lair:5
    Orc (2/2) D:9             Elf (0/3) Orc:2        Vaults (0/5) D:13
 Depths (0/5) D:15

Altars:
Elyvilon
Okawaru
Qazlal
Ru
Trog
Xom
Beogh
Jiyva

Shops:
D:4 [   D:8 %   D:11 }   D:13 !   Orc:2 }=?:   Shoals:3 *=*   Snake:1 (

Portals:
Trove: D:13 (show abyssal rune of Zot)

Annotations:
Snake:1 Prakerore's ghost, journeyman MiBe


Innate Abilities, Weirdness & Mutations

You are small and have problems with some larger weapons.
You are carnivorous and can eat meat at any time.


Message History

The guardian serpent hits you!
* * * LOW HITPOINT WARNING * * *
Unknown command.
You feel much better.
You feel sick.
Prakerore's ghost hits you but does no damage.
The guardian serpent casts a spell at you.
You easily resist.
Prakerore's ghost barely misses you. The guardian serpent misses you.
Prakerore's ghost hits you but does no damage.
You feel sick.
Prakerore's ghost sneers, "Do you call that fighting?"
The guardian serpent hits you!
* * * LOW HITPOINT WARNING * * *
The guardian serpent coils itself and waves its upper body at you.
The bolt of poison hits Prakerore's ghost.
Prakerore's ghost completely resists.
The bolt of poison hits you! You resist.
* * * LOW HITPOINT WARNING * * *
There is a staircase back to the Lair here.
Prakerore's ghost hits you!!
You die...

. #...# #...###
#.....# ...#
#.)..#..... #...#
##..## ##.. #...#
#...# ##.S.# #)..#
##(...# #WS.#
###.N..# #@..#
#.....## #...#
.###..†)..## #[..#
.....P∩..†.#####)..#
........N...##....##
........§#.†.....##
###########.....##
#...### #....#


You could see a guardian serpent and Prakerore's ghost.

Vanquished Creatures
  Gastronok (Lair:2)
  Kirke (D:15)
  An orc warlord (Bailey)
  Nessos (D:14)
  Azrael (Snake:1)
  Snorg (D:14)
  5 ogre magi
  A great orb of eyes (D:12)
  Harold (D:10)
  3 merfolk impalers
  A naga warrior (Snake:1)
  3 hydras
  A merfolk avatar (Shoals:1)
  An alligator snapping turtle (Shoals:3)
  3 centaur warriors
  2 catoblepae (Lair:6)
  A merfolk aquamancer (Shoals:1)
  22 two-headed ogres
  The ghost of manchovi the Severer, a novice MiFi of Yredelemnul (D:8)
  A tengu warrior (D:14)
  4 satyrs
  3 death yaks (Lair:6)
  A deep troll shaman (Lair:6)
  Urug (D:10)
  An orc high priest (Orc:1)
  A shock serpent (Snake:1)
  An iron troll (D:12)
  7 sea snakes
  An unseen horror (D:13)
  A naga ritualist (Snake:1)
  Pikel (D:4)
  A harpy (shapeshifter) (D:13)
  2 lindwurms (D:15)
  12 harpies
  A deep elf mage (D:13)
  A wolf spider zombie (D:13)
  2 mana vipers (Snake:1)
  7 cyclopes
  2 orc sorcerers (Orc:1)
  A wolf spider (D:15)
  11 manticores
  5 ugly things
  13 elephants
  16 fauns
  5 merfolk sirens
  9 black mambas
  A moth of wrath (shapeshifter) (D:15)
  4 water nymphs
  An ice statue (Shoals:1)
  6 spiny frogs
  2 gargoyles
  3 rime drakes
  3 ice devils (IceCv)
  10 komodo dragons
  A yaktaur (shapeshifter) (D:14)
  2 kobold demonologists
  A yaktaur (D:12)
  2 demonic crawlers (D:15)
  4 anaconda simulacra (IceCv)
  2 efreet
  5 freezing wraiths
  A polar bear (Lair:6)
  12 merfolk
  5 wind drakes
  7 trolls
  2 tyrant leeches (D:15)
  4 blink frogs (Lair:5)
  A harpy skeleton (D:15)
  5 snapping turtles
  5 dream sheep (Shoals:2)
  10 hippogriffs
  11 slime creatures
  12 water elementals
  2 shadows
  A wraith (D:13)
  2 wyverns
  A dire elephant simulacrum (IceCv)
  A fire elemental (Snake:1)
  24 yaks
  A hog (D:15)
  5 basilisks
  A hog (shapeshifter) (D:14)
  A steam dragon (D:13)
  A hungry ghost (D:10)
  2 death yak simulacra (IceCv)
  7 vampire mosquitoes
  7 nagas
  2 wargs (Orc:1)
  An acid dragon (D:15)
  A soldier ant (D:12)
  An acid dragon (shapeshifter) (D:15)
  A harpy simulacrum (IceCv)
  9 water moccasins
  7 porcupines
  A hydra simulacrum (IceCv)
  A hell hound (Snake:1)
  3 slaves (D:4)
  14 orc warriors
  An ettin simulacrum (IceCv)
  5 ice beasts
  2 necrophages
  2 sky beasts
  4 black bears
  A phantom (D:6)
  36 ogres
  3 boggarts (D:15)
  11 wolves
  19 centaurs
  9 crocodiles
  A big kobold (D:9)
  17 bullfrogs
  A gnoll sergeant (Orc:1)
  4 scorpions
  6 killer bees (D:11)
  16 wights
  4 howler monkeys (D:13)
  5 electric eels
  5 crimson imps
  2 bullfrog zombies (D:7)
  A draconian simulacrum (IceCv)
  6 jellies
  7 hounds
  3 bullfrog skeletons
  17 orc priests
  4 centaur skeletons
  20 orc wizards
  2 hell rats (D:15)
  10 iguanas
  2 troll simulacra (IceCv)
  14 worker ants
  A spriggan simulacrum (IceCv)
  A wolf simulacrum (IceCv)
  2 centaur simulacra (IceCv)
  2 hound zombies
  2 hound skeletons
  Robin (D:2)
  A howler monkey zombie (D:7)
  13 adders
  8 gnolls
  2 howler monkey skeletons
  A worker ant zombie (D:8)
  A naga simulacrum (IceCv)
  4 river rats (D:15)
  A shadow imp (D:5)
  5 white imps (IceCv)
  3 ufetubi (IceCv)
  6 oozes (D:15)
  12 worms
  An adder skeleton (D:6)
  A dart slug (D:3)
  3 leopard geckos
  85 orcs
  5 bats
  13 giant cockroaches
  19 goblins
  10 hobgoblins
  13 jackals
  6 quokkas
  A frilled lizard (D:3)
  A giant cockroach zombie (D:5)
  17 kobolds
  2 leopard gecko skeletons
  11 rats
875 creatures vanquished.

Vanquished Creatures (collateral kills)
  2 fire elementals (Snake:1)
  A hell hound (Snake:1)
  A porcupine (Lair:2)
  An ogre (Orc:2)
5 creatures vanquished.

Vanquished Creatures (others)
  A slime creature (D:12)
  6 humans (D:15)
  A meliai simulacrum (D:12)
  A bullfrog (D:15)
  2 fungi
  23 plants
  12 tentacles
46 creatures vanquished.

Grand Total: 926 creatures vanquished

Notes
Turn   | Place    | Note
-------+----------+-------------------------------------------
     0 | D:1      | rgaf the Kobold Berserker began the quest for the Orb.
     0 | D:1      | Reached XP level 1. HP: 14/14 MP: 1/1
   323 | D:1      | Reached XP level 2. HP: 18/19 MP: 2/2
   762 | D:2      | Reached skill level 5 in Short Blades
   776 | D:2      | Reached XP level 3. HP: 23/23 MP: 3/3
  1080 | D:2      | You fall through a shaft!
  1207 | D:2      | Noticed Robin
  1224 | D:2      | Killed Robin
  1224 | D:2      | Reached XP level 4. HP: 28/28 MP: 4/4
  1522 | D:2      | Reached ** piety under Trog
  1900 | D:3      | Reached XP level 5. HP: 33/33 MP: 5/5
  1958 | D:3      | Reached skill level 4 in Fighting
  2599 | D:4      | Reached XP level 6. HP: 39/39 MP: 6/6
  2739 | D:4      | Reached skill level 5 in Fighting
  3041 | D:4      | Found Ageycsin's Armour Shop.
  3053 | D:4      | Reached *** piety under Trog
  3057 | D:4      | Noticed a slave
  3089 | D:4      | Killed a slave
  3164 | D:4      | Noticed a slave
  3164 | D:4      | Noticed a slave
  3179 | D:4      | Killed a slave
  3196 | D:4      | Killed a slave
  3271 | D:4      | Noticed Pikel
  3273 | D:4      | Noticed a slave
  3284 | D:4      | Killed Pikel
  3284 | D:4      | Reached skill level 6 in Fighting
  3284 | D:4      | Reached XP level 7. HP: 47/47 MP: 7/7
  3284 | D:4      | Reached XP level 8. HP: 52/52 MP: 8/8
  3362 | D:4      | Reached skill level 7 in Fighting
  3440 | D:4      | Reached skill level 5 in Armour
  3553 | D:4      | Found a stormy altar of Qazlal.
  4004 | D:5      | Entered Level 5 of the Dungeon
  4279 | D:5      | Reached skill level 8 in Fighting
  4312 | D:5      | Reached XP level 9. HP: 59/59 MP: 9/9
  4783 | D:5      | Reached **** piety under Trog
  4821 | D:5      | Found a staircase to the Ecumenical Temple.
  5027 | D:6      | Reached skill level 9 in Fighting
  6081 | D:7      | Got a transparent chain mail
  6083 | D:7      | Identified the +4 chain mail of Veachud {rElec} (You found it on level 7 of the Dungeon)
  6155 | D:7      | Reached skill level 1 in Long Blades
  6999 | D:8      | Reached XP level 10. HP: 57/68 MP: 10/10
  7053 | D:8      | Reached skill level 10 in Fighting
  7202 | D:8      | Noticed manchovi's ghost (novice MiFi)
  7214 | D:8      | Found a roughly hewn altar of Beogh.
  7422 | D:8      | Killed manchovi's ghost
  7619 | D:8      | Found Ommoh's Food Shop.
  7752 | D:8      | Reached ***** piety under Trog
  7928 | D:8      | Found a staircase to the Lair.
  7929 | D:8      | Noticed a komodo dragon
  8078 | D:8      | Killed a komodo dragon
  8251 | D:9      | Noticed a manticore
  8255 | D:9      | Killed a manticore
  8255 | D:9      | Reached skill level 5 in Long Blades
  8716 | D:9      | Reached XP level 11. HP: 73/73 MP: 11/11
  9041 | D:9      | Reached skill level 11 in Fighting
  9064 | D:9      | Noticed a two-headed ogre
  9074 | D:9      | Killed a two-headed ogre
  9122 | D:9      | Found a staircase to the Orcish Mines.
  9250 | D:9      | Reached skill level 1 in Evocations
  9463 | D:10     | Entered Level 10 of the Dungeon
  9533 | D:10     | Noticed Urug
  9555 | D:10     | Killed Urug
  9555 | D:10     | Received a gift from Trog
  9951 | D:10     | Noticed Harold
  9974 | D:10     | Killed Harold
 10295 | D:10     | Noticed a two-headed ogre
 10301 | D:10     | Killed a two-headed ogre
 10791 | D:11     | Noticed a manticore
 10796 | D:11     | Noticed a manticore
 10803 | D:11     | Killed a manticore
 10808 | D:11     | Killed a manticore
 10808 | D:11     | Reached skill level 5 in Evocations
 10967 | D:11     | Noticed a manticore
 11000 | D:11     | Killed a manticore
 11306 | D:11     | Found Baics's Gadget Shoppe.
 11557 | D:11     | Reached XP level 12. HP: 77/80 MP: 16/16
 12021 | Lair:1   | Entered Level 1 of the Lair of Beasts
 12850 | Lair:2   | Noticed Gastronok
 12970 | Lair:2   | Killed Gastronok
 12970 | Lair:2   | Reached skill level 12 in Fighting
 14789 | Lair:3   | Reached XP level 13. HP: 67/87 MP: 19/19
 16000 | Lair:4   | Found a staircase to the Shoals.
 16354 | Lair:4   | Received a gift from Trog
 16450 | Lair:4   | Reached skill level 10 in Long Blades
 16450 | Lair:4   | Reached skill level 10 in Armour
 16633 | Lair:4   | Found a staircase to the Snake Pit.
 17583 | Lair:5   | Found a staircase to the Slime Pits.
 17583 | Lair:5   | Found a viscous altar of Jiyva.
 17695 | Lair:5   | Reached skill level 13 in Fighting
 18293 | Lair:6   | Entered Level 6 of the Lair of Beasts
 18293 | Lair:6   | Noticed a catoblepas
 18297 | Lair:6   | Killed a catoblepas
 18963 | Lair:6   | Noticed a catoblepas
 19016 | Lair:6   | Killed a catoblepas
 19099 | Lair:6   | Reached XP level 14. HP: 84/94 MP: 20/20
 20841 | Orc:1    | Entered Level 1 of the Orcish Mines
 21032 | Orc:1    | Found a flagged portal.
 21041 | Bailey   | Entered a bailey
 21046 | Bailey   | Noticed an orc warlord
 21119 | Bailey   | Found a runed gate.
 21121 | Bailey   | Found a runed gate.
 21122 | Bailey   | Found a runed gate.
 21242 | Bailey   | Killed an orc warlord
 21276 | Bailey   | Identified 2 scrolls of acquirement
 21467 | Orc:1    | Paralysed by an orc sorcerer for 3 turns
 21475 | Orc:1    | Paralysed by an orc sorcerer for 7 turns
 21704 | Orc:1    | Received a gift from Trog
 22013 | Orc:1    | You fall through a shaft!
 22013 | Orc:2    | Entered Level 2 of the Orcish Mines
 22028 | Orc:1    | Reached skill level 14 in Fighting
 23420 | Orc:2    | Found a staircase to the Elven Halls.
 24344 | Orc:2    | Received a gift from Trog
 24660 | Orc:2    | Reached XP level 15. HP: 95/101 MP: 21/21
 24760 | Orc:1    | Reached skill level 15 in Fighting
 25077 | Orc:2    | Found Morucoe's Magic Scroll Shop.
 25077 | Orc:2    | Found Yhanayve's Book Shoppe.
 25078 | Orc:2    | Found Byrph's Gadget Emporium.
 25078 | Orc:2    | Found Naaronymm's Jewellery Shop.
 25190 | Orc:2    | Bought the ring of Robustness {AC+8} for 1536 gold pieces
 25190 | Orc:2    | Found the ring of Robustness {AC+8}
 25813 | D:12     | Found a shimmering altar of Xom.
 25813 | D:12     | Found a shimmering altar of Xom.
 25824 | D:12     | Found a bloodstained altar of Trog.
 25825 | D:12     | Found an iron altar of Okawaru.
 25825 | D:12     | Found a shimmering altar of Xom.
 25825 | D:12     | Found a white marble altar of Elyvilon.
 25902 | D:12     | Got a scorched jade ring
 25999 | D:12     | Paralysed by a great orb of eyes for 5 turns
 26317 | D:12     | Got a scintillating glass ring
 26655 | D:12     | Found a shimmering altar of Xom.
 26656 | D:12     | Found a shimmering altar of Xom.
 26669 | D:12     | Found a shimmering altar of Xom.
 26964 | D:12     | Reached skill level 1 in Crossbows
 27328 | D:13     | Received a gift from Trog
 27791 | D:13     | Reached ****** piety under Trog
 27797 | D:13     | Received a gift from Trog
 28350 | D:13     | You fall through a shaft for 2 floors!
 28350 | D:15     | Entered Level 15 of the Dungeon
 28432 | D:15     | Found the +7 sceptre of Torment
 28502 | D:15     | Reached skill level 5 in Crossbows
 29171 | D:13     | Found Loenu's Distillery.
 29174 | D:13     | Bought a potion of heal wounds for 55 gold pieces
 29174 | D:13     | Identified the ring of Citova {*Tele rF+ MR+ Str-2} (You took it off a kobold demonologist on level 12 of the Dungeon)
 29175 | D:13     | Identified the ring of the Invisible Hand {Wiz rF+ Int+2 Dex+4} (You took it off an efreet on level 12 of the Dungeon)
 29225 | D:13     | Found a portal to a secret trove of treasure.
 29543 | D:13     | Found a gate to the Vaults.
 30367 | D:14     | Noticed Snorg
 30376 | D:14     | Killed Snorg
 30376 | D:14     | Reached skill level 16 in Fighting
 30651 | D:14     | Noticed Nessos
 30661 | D:14     | Killed Nessos
 30860 | D:14     | Received a gift from Trog
 30905 | D:14     | Found a sacrificial altar of Ru.
 30925 | D:14     | Reached XP level 16. HP: 100/110 MP: 22/22
 31153 | D:15     | Noticed Kirke
 31977 | D:15     | Killed Kirke
 33211 | D:15     | Received a gift from Trog
 33780 | D:15     | Found a staircase to the Depths.
 34280 | Snake:1  | Entered Level 1 of the Snake Pit
 34288 | Snake:1  | Found Moargh's Antique Weapon Shop.
 34294 | Snake:1  | Noticed Azrael
 34315 | Snake:1  | Killed Azrael
 34315 | Snake:1  | Reached skill level 10 in Crossbows
 34651 | Snake:1  | Received a gift from Trog
 35052 | Shoals:1 | Entered Level 1 of the Shoals
 35612 | Shoals:1 | Received a gift from Trog
 35633 | Shoals:1 | Found a frozen archway.
 35689 | IceCv    | Entered an ice cave
 36511 | IceCv    | Received a gift from Trog
 36950 | IceCv    | Noticed an Ice Fiend
 37497 | Shoals:1 | Reached XP level 17. HP: 31/116 MP: 23/23
 38072 | Shoals:1 | Noticed a kraken
 38897 | Shoals:2 | Reached skill level 17 in Fighting
 39327 | Shoals:2 | Received a gift from Trog
 40390 | Shoals:3 | Found Riutealec's General Store.
 40396 | Shoals:3 | Received a gift from Trog
 40671 | Shoals:3 | Received a gift from Trog
 40780 | Shoals:3 | Found Eskugumo's Jewellery Shoppe.
 40814 | Shoals:3 | Noticed a kraken
 41067 | Shoals:3 | Found Lisizau's Assorted Antiques.
 41208 | Shoals:3 | Received a gift from Trog
 41517 | Shoals:3 | Bought an uncursed ring of poison resistance for 360 gold pieces
 41952 | Shoals:4 | Entered Level 4 of the Shoals
 42216 | Snake:1  | Noticed Prakerore's ghost (journeyman MiBe)
 42238 | Snake:1  | Mangled by Prakerore's ghost

Skill      XL: |  1  2  3  4  5  6  7  8  9 10 11 12 13 14 15 16 17 |
---------------+----------------------------------------------------+-----
Short Blades   | 5 6 |  6.1
Armour         | 2 4 5 7 8 9 10 11 12 13 | 13.8
Fighting       | 4 6 8 9 10 11 12 13 14 16 17 | 17.4
Long Blades    | 2 5 7 9 11 | 11.7
Evocations     | 5 8 |  8.0
Crossbows      | 7 11 13 | 13.7
Dodging        | |  2.4

Action                   |  1- 3 |  4- 6 |  7- 9 | 10-12 | 13-15 | 16-18 || total
-------------------------+-------+-------+-------+-------+-------+-------++-------
Melee: Short sword       |    78 |   159 |       |       |       |       ||   237
       Dagger            |       |    88 |   365 |   808 |   681 |       ||  1942
       Long sword        |       |       |       |     4 |       |       ||     4
       Scimitar          |       |       |       |       |   765 |   694 ||  1459
 Fire: Arbalest          |       |       |       |       |       |   218 ||   218
Invok: Berserk           |     3 |     6 |     4 |    25 |    37 |    17 ||    92
       Brothers in Arms  |       |       |       |     2 |     1 |     1 ||     4
       Trog's Hand       |       |       |       |       |     2 |     1 ||     3
       Burn Spellbooks   |       |       |       |       |     1 |     4 ||     5
Evoke: Wand              |       |       |       |     6 |    40 |    26 ||    72
  Use: Scroll            |       |       |     2 |    13 |    25 |    12 ||    52
       Potion            |       |       |       |     1 |     3 |    11 ||    15
 Stab: Sleeping          |     2 |       |       |       |       |       ||     2
       Paralysed         |       |       |       |     1 |    17 |     2 ||    20
       Distracted        |       |       |       |       |     1 |       ||     1
  Eat: Chunk             |    11 |    13 |    16 |    45 |    86 |    30 ||   201
       Ration            |       |       |       |     3 |       |    11 ||    14
Armor: Animal skin       |     9 |       |       |       |       |       ||     9
       Scale mail        |     5 |    90 |     1 |       |       |       ||    96
       Chain mail        |       |       |   120 |   268 |   754 |   653 ||  1795
Dodge: Dodged            |    46 |   147 |   120 |   234 |   696 |   476 ||  1719
       Rpst.: Scimitar   |       |       |       |       |    77 |    87 ||   164
